 Dungeon Crawl Stone Soup version 0.16.1-2-g95b8d4c (console) character file.

27 gw the Insei (level 3, 0/21 HPs)
             Began as a Kobold Transmuter on Mar 25, 2015.
             Slain by a worm (10 damage)
             ... on level 2 of the Dungeon.
             The game lasted 00:01:33 (1693 turns).

gw the Insei (Kobold Transmuter)                    Turns: 1693, Time: 00:01:33

Health: 0/21       AC:  2    Str:  8    XL:     3   Next: 25%
Magic:  5/6        EV: 15    Int: 12    God:
Gold:   48         SH:  0    Dex: 16    Spells: 2 memorised, 2 levels left

rFire  . . .     SeeInvis .       - Unarmed
rCold  . . .     Clarity  .     c - +0 robe
rNeg   . . .     SustAb   .     (no shield)
rPois  .         Gourm    .     (no helmet)
rElec  .         Spirit   .     (no cloak)
rCorr  .         Warding  .     (no gloves)
rMut   .         Stasis   .     (boots unavailable)
MR     .....                    (no amulet)
Stlth  +.........               (no ring)
                                (no ring)

@: appendage, not resistant to hostile enchantments, very unstealthy
A: talons 3, carnivore 3
a: End Transformation


You were on level 2 of the Dungeon.
You were completely stuffed.
You had grown temporary talons.
You visited 1 branch of the dungeon, and saw 2 of its levels.

You collected 48 gold pieces.

Inventory:

Missiles
 b - 12 arrows
 e - 15 stones (quivered)
Armour
 c - a +0 robe (worn)
Potions
 f - a potion of restore abilities {unknown}
Books
 d - a book of Changes

   Spells                             Type                      Level
   a - Beastly Appendage              Transmutation                1
   b - Sticks to Snakes               Transmutation                2
   c - Spider Form                    Transmutation/Poison         3
   d - Ice Form                       Ice/Transmutation            4
   e - Blade Hands                    Transmutation                5
Comestibles
 a - 2 meat rations


   Skills:
 + Level 1.7 Fighting
 + Level 2.7 Dodging
 + Level 3.4 Unarmed Combat
 + Level 2.1 Spellcasting
 + Level 2.1 Transmutations


You had 2 spell levels left.
You knew the following spells:

 Your Spells              Type           Power        Failure   Level  Hunger
a - Beastly Appendage     Trmt           #.....       12%         1    ##.....
b - Spider Form           Trmt/Pois      #.........   56%         3    ####...


Dungeon Overview and Level Annotations

Branches:
Dungeon (2/15)

Altars:


Innate Abilities, Weirdness & Mutations

You are small and have problems with some larger weapons.
You are carnivorous and can eat meat at any time.
You have claws for feet.


Message History

KIIIITING; MOVING TO (1,1) Unknown command.
Unknown command.
Unknown command.
Attempting RANGED ATTACK TO (-1,-2) Throwing (i - inventory):
e - 16 stones (quivered)
Press: ? - help, Shift-Dir - straight line, f/p - worm
Aim: a worm (lightly wounded)
You throw a stone.
The stone hits the worm but does no damage.
The worm is lightly wounded.
Your talons disappear.
Unknown command.
Unknown command.
Unknown command.
Unknown command.
Casting: Beastly Appendage
Confirm with . or Enter, or press ? or * to list all spells.
Your feet morph into talons.
The worm bites you!
You die...

........(#####......
.....[...# .##### .
........(# .#
#............#
#............#
#...........(#
#....)......(#
####...........w####
................K..#
.....######.######.#
......<..........# #
...............#.#
.............###.#
.................#
.............#####
~~~..........+
~~~~.........#


You could see a worm.

Table legend:
 A = Turns spent in this place as a percentage of turns spent in the entire game.
 B = Non-inter-level travel turns spent in this place as a percentage of non-inter-level travel turns spent in the entire game.
 C = Inter-level travel turns spent in this place as a percentage of turns spent in this place.
 D = Turns resting spent in this place as a percentage of non-inter-level travel turns spent in this place.
 E = Turns spent auto-exploring this place as a percentage of non-inter-level travel turns spent in this place.
 F = Non-inter-level travel turns spent in this place divided by the number of levels of this place that you've seen.
                   A       B       C       D       E      F
               +-------+-------+-------+-------+-------+----------------------
         Total | 100.0 | 100.0 |   0.6 |   2.8 |   1.8 | 1018.0
       Dungeon | 100.0 | 100.0 |   0.6 |   2.8 |   1.8 | 1018.0
               +-------+-------+-------+-------+-------+----------------------

Table legend:
 A = Kills in this place as a percentage of kills in entire the game.
 B = Kills by you in this place as a percentage of kills by you in the entire game.
 C = Kills by friends in this place as a percentage of kills by friends in the entire game.
 D = Other kills in this place as a percentage of other kills in the entire game.
 E = Experience gained in this place as a percentage of experience gained in the entire game.
 F = Experience gained in this place divided by the number of levels of this place that you have seen.
                   A       B       C       D       E      F
               +-------+-------+-------+-------+-------+----------------------
         Total | 100.0 | 100.0 |  -nan |  -nan | 100.0 |  19.5
       Dungeon | 100.0 | 100.0 |  -nan |  -nan | 100.0 |  19.5
               +-------+-------+-------+-------+-------+----------------------

Vanquished Creatures
  4 goblins
  3 hobgoblins
  4 jackals (D:1)
  4 kobolds
  3 bats
  4 giant newts
  2 rats (D:1)
24 creatures vanquished.

Notes
Turn   | Place    | Note
--------------------------------------------------------------
     0 | D:1      | gw, the Kobold Transmuter, began the quest for the Orb.
     0 | D:1      | Reached XP level 1. HP: 12/12 MP: 3/3
   449 | D:1      | Reached XP level 2. HP: 17/17 MP: 2/4
  1023 | D:1      | Reached XP level 3. HP: 9/21 MP: 3/6
  1189 | D:1      | Learned a level 3 spell: Spider Form
  1693 | D:2      | Slain by a worm

Action                   || total
-------------------------++-------
Melee: Unarmed           ||    79
Throw: Stone             ||    50
 Cast: Beastly Appendage ||    25
  Use: Scroll            ||     2
       Potion            ||     2
 Stab: Sleeping          ||     1
  Eat: Chunk             ||    12

Vault maps used:
D:1:      minmay_arrival_semitransparent
D:2:      serial_curves, eino_curves_02, eino_curves_02, eino_curves_03,
          minivault_4, elyvilon_altar_3
